 Dungeon Crawl Stone Soup version 0.26.1-11-gd32895ea62 (webtiles) character file.

Game seed: 14229465913339975685

400 H0rd4k the Insei (level 6, -1/38 HPs)
             Began as an Octopode Transmuter on July 1, 2021.
             Killed by nerve-wracking pain
             ... invoked by an orc priest
              (4 damage)
             ... on level 4 of the Dungeon.
             The game lasted 00:03:13 (4646 turns).

H0rd4k the Insei (Octopode Transmuter)              Turns: 4646, Time: 00:03:14

Health: -1/38      AC:  2    Str:  9    XL:     6   Next: 84%
Magic:  9/10       EV: 20    Int: 18    God:
Gold:   124        SH:  0    Dex: 17    Spells: 7/11 levels left

rFire    . . .     SeeInvis +     - Unarmed
rCold    . . .     Faith    .   (shield currently unavailable)
rNeg     . . .     Spirit   .   (helmet currently unavailable)
rPois    x         Reflect  .   (no amulet)
rElec    .         Harm     .   j - ring of see invisible
rCorr    .         Rampage  .   (no ring)
Will     .....                  (no ring)
Stlth    ++........             (no ring)
HPRegen  0.12/turn              (no ring)
MPRegen  0.12/turn              (no ring)
                                (no ring)
                                (no ring)

@: spider-form (expiring)
A: tiny, almost no armour, stealthy swim, (amphibious), 8 rings, (constrict 8)
a: End Transformation


You were on level 4 of the Dungeon.
You were a venomous arachnid creature.
You visited 1 branch of the dungeon, and saw 4 of its levels.

You collected 124 gold pieces.

Inventory:

Missiles
 h - 22 poisoned darts
Jewellery
 j - a ring of see invisible (left front leg)
Scrolls
 b - 3 scrolls of teleportation {unknown}
 c - 7 scrolls of identify {unknown}
 e - 3 scrolls of enchant weapon {unknown}
 g - a scroll of noise {unknown}
 i - a scroll of remove curse {unknown}
Potions
 a - a potion of brilliance {unknown}
 d - a potion of resistance {unknown}
 f - 2 potions of curing {unknown}
 k - a potion of degeneration {unknown}


   Skills:
 + Level 1.4 Fighting
 + Level 2.8 Dodging
 - Level 0.4 Stealth
 + Level 5.2 Unarmed Combat
 * Level 3.1 Spellcasting
 * Level 3.6 Transmutations
 + Level 2.0 Poison Magic


You had 7 spell levels left.
You knew the following spells:

 Your Spells              Type           Power        Failure   Level
a - Beastly Appendage     Tmut           30%          12%         1
b - Spider Form           Tmut/Pois      6%           34%         3

Your spell library contained the following spells:

 Spells                   Type           Power        Failure   Level
 Wereblood                Tmut           15%          16%         2
 Ice Form                 Ice/Tmut       9%           80%         4
 Blade Hands              Tmut           7%           87%         5


Dungeon Overview and Level Annotations

Branches:
Dungeon (4/15)
 Temple: D:4-7

Altars:
Fedhas
Kikubaaqudgha
Nemelex Xobeh
Okawaru
Wu Jian
Yredelemnul
Zin

Annotations:
D:2 1 exclusion
D:3 1 runed translucent door, exclusion: door, Crazy Yiuf
D:4 1 transporter, grovkorv's ghost, amateur HaAr


Innate Abilities, Weirdness & Mutations

You cannot wear most types of armour.
You are very stealthy in the water. (Stealth+)
((You are amphibious.))
You can wear up to eight rings at the same time.
((You can use your tentacles to constrict eight enemies at once.))
((Your skin changes colour to match your surroundings (Stealth+).))
((Your rubbery body absorbs attacks. (AC +1, EV +1)))


Message History

Beogh smites you!
* * * LOW HITPOINT WARNING * * *
Grovkorv's ghost turns its malevolent gaze towards you.
You hit the orc priest.
The orc priest is poisoned.
The orc priest is lightly wounded.
You hear a chilling moan.
The orc priest closely misses you.
The orc priest begins to cast a cantrip, but forgets the words!
You hit the orc priest but do no damage.
The orc priest looks as sick as possible!
The orc priest is lightly wounded.
The orc priest closely misses you. x2
You barely miss the orc priest.
The orc priest is heavily wounded.
The orc priest closely misses you. The orc priest hits you with a +0 club.
* * * LOW HITPOINT WARNING * * *
You barely miss the orc priest.
The orc priest calls down the wrath of Beogh upon you.
Pain shoots through your body!
You die...

....... .......#
.......# .....# ......
....#########
#.....#####+#..........#
#.....#.....#..........#
#.....#.....#...)o.....#
#.....#.....#...so.....#
#.....#.....#..........'
#.....#.....†..........#
.#####..###©####........
.#.....##.### #####....
.#..>.##.5. W#....
.#....#....#. #. .# ...
.'....#..##..#... .. ..
.###..#... ..©..##.


You could see 2 orc priests and grovkorv's ghost.

Vanquished Creatures
  A bullfrog (D:4)
  A howler monkey (D:4)
  A hound (D:2)
  An orc priest (D:3)
  3 orc wizards
  5 adders
  An ooze (D:2)
  2 worms (D:3)
  2 dart slugs (D:1)
  A leopard gecko (D:2)
  15 orcs
  3 giant cockroaches
  8 hobgoblins
  5 jackals
  3 quokkas
  2 ball pythons
  8 bats
  5 frilled lizards
  10 goblins
  7 kobolds
  5 rats
89 creatures vanquished.

Vanquished Creatures (others)
  6 withered plants (D:3)
6 creatures vanquished.

Grand Total: 95 creatures vanquished

Notes
Turn   | Place    | Note
-------+----------+-------------------------------------------
     0 | D:1      | H0rd4k the Octopode Transmuter began the quest for the Orb.
     0 | D:1      | Reached XP level 1. HP: 13/13 MP: 3/3
   393 | D:1      | Reached XP level 2. HP: 18/18 MP: 5/5
   900 | D:1      | Reached XP level 3. HP: 16/23 MP: 6/6
   904 | D:1      | Learned a level 3 spell: Spider Form
  1285 | D:2      | Found an ornate altar of the Wu Jian Council.
  1330 | D:2      | Reached skill level 4 in Unarmed Combat
  1333 | D:2      | Reached XP level 4. HP: 19/28 MP: 7/7
  1668 | D:2      | Reached skill level 1 in Poison Magic
  1848 | D:2      | Found a blossoming altar of Fedhas.
  2066 | D:2      | Found a sparkling altar of Nemelex Xobeh.
  2066 | D:2      | Found an iron altar of Okawaru.
  2258 | D:2      | Found a glowing silver altar of Zin.
  2714 | D:3      | Found a basalt altar of Yredelemnul.
  2867 | D:2      | Reached XP level 5. HP: 8/33 MP: 8/8
  3496 | D:3      | Found a runed translucent door.
  3497 | D:3      | Noticed Crazy Yiuf
  3702 | D:3      | Found an ancient bone altar of Kikubaaqudgha.
  3869 | D:3      | Reached XP level 6. HP: 16/38 MP: 6/10
  4359 | D:4      | Reached skill level 5 in Unarmed Combat
  4466 | D:4      | Found a transporter.
  4503 | D:4      | Noticed grovkorv's ghost (amateur HaAr)
  4646 | D:4      | Killed from afar by an orc priest

Illustrated notes

Levels and vault maps discovered:
D:1:      nzn_arrival_crosshair, layout_loops_corners
D:2:      layout_loops_corners, general_overflow_altar,
          pdpol_wu_jian_five_deadly_venoms, zin_scriptorium,
          gammafunk_temple_overflow_wave
D:3:      layout_basic, kiku_gazebo_garden_becter, overflow_temple_1_default,
          serial_park_tiny_pond, minivault_26, uniq_crazy_yiuf_cottage
D:4:      layout_gridville, gammafunk_ghost_stat_death, chequers_garden

Skill      XL: |  1  2  3  4  5  6 |
---------------+-------------------+-----
Unarmed Combat | 4 5 |  5.2
Poison Magic   | 1 2 |  2.0
Transmutations | 3 |  3.6
Spellcasting   | 3 |  3.1
Fighting       | |  1.4
Dodging        | |  2.8
Stealth        | |  0.4

Action                   |  1- 3 |  4- 6 || total
-------------------------+-------+-------++-------
Melee: Unarmed           |    54 |   170 ||   224
       Constrict         |    23 |    36 ||    59
       Tentacles         |     7 |    26 ||    33
       Punch             |     1 |     1 ||     2
       Kick              |       |     2 ||     2
 Cast: Beastly Appendage |       |     1 ||     1
       Spider Form       |       |     7 ||     7
 Stab: Sleeping          |     2 |     4 ||     6
Armor: Skin              |     9 |     6 ||    15
Dodge: Dodged            |    33 |   129 ||   162
